AoeStats
← testaoe42

Nomad

510804555Analyzed
3v3 RM · 24h ago on Oct 2, 2026· 46m 59s· 6 players
Game mode
Random Map
Map size
210×210
Population
200
Speed
Normal
Resources
Standard
Victory
Conquest
Starting age
Dark Age
Ending age
Imperial Age
RankedLock teamsTeams togetherTeam positionsShared explorationLock speedFull tech treeHidden civsTurbo modeCheats
Victory
Defeat
🇸🇪 Byzantines · Sweden
1367
+12
🇩🇪 Hindustanis · Germany
1299
+14
🇨🇿 Koreans · Czechia
1224
+39
🇩🇪 Danes · Germany
1287
-15
🇩🇪 Varangians · Germany
1278
-15
🇩🇪 Spanish · Germany
1231
-13
WallyGoodberg
14:29 Feudal Age
15:14 Double-Bit Axe
18:03 Castle Age
16:26 Gold Mining
18:17 Fishing Lines
19:02 Bow Saw
20:23 Medium Warships
20:12 Gillnets
22:27 Wheelbarrow
24:55 Town Watch
25:24 Horse Collar
26:12 Loom
26:34 Heavy Plow
28:25 Hand Cart
28:30 Scale Barding Armor
29:29 Bloodlines
29:23 Husbandry
30:11 Gold Shaft Mining
29:56 Fletching
31:18 Chain Barding Armor
32:31 Bodkin Arrow
36:33 Imperial Age
34:14 Forging
34:08 Stone Mining
34:30 Grand Trunk Road
37:17 Stone Shaft Mining
37:26 Coinage
36:33 Heavy Camel Rider
37:49 Plate Barding Armor
38:23 Conscription
39:30 Chemistry
38:51 Ballistics
38:42 Masonry
38:37 Siege Engineers
39:08 Banking
38:32 Imperial Camel Rider
39:48 Iron Casting
39:40 Bracer
43:16 Blast Furnace
43:06 Padded Archer Armor
43:28 Shatagni
44:54 Leather Archer Armor
46:55 Two-Man Saw
testaoe42
12:37 Feudal Age
13:18 Double-Bit Axe
16:36 Loom
20:26 Castle Age
18:35 Fishing Lines
20:03 Horse Collar
20:40 Fletching
21:20 Medium Warships
22:16 Bow Saw
22:34 Bodkin Arrow
27:05 Wheelbarrow
28:19 Ballistics
36:17 Gold Mining
37:21 Masonry
37:56 Hand Cart
44:27 Imperial Age
46:18 Chemistry
45:38 Bracer
45:49 Elite War Wagon
clarence claymore
5:12 Loom
14:11 Feudal Age
14:38 Double-Bit Axe
14:43 Fishing Lines
22:31 Castle Age
20:36 Horse Collar
24:35 Stone Mining
25:28 Wheelbarrow
25:41 Squires
25:02 Pikeman
27:22 Gold Mining
27:42 Scale Barding Armor
27:47 Forging
28:12 Bow Saw
30:20 Hand Cart
32:06 Chain Barding Armor
32:36 Husbandry
38:52 Imperial Age
37:38 Iron Casting
37:00 Fletching
38:48 Bodkin Arrow
38:54 Padded Archer Armor
39:04 Scale Mail Armor
40:20 Conscription
39:36 Elite Cataphract
40:51 Halberdier
45:45 Logistica
45:37 Heavy Camel Rider
Spirit
11:50 Loom
14:58 Feudal Age
16:50 Double-Bit Axe
20:21 Castle Age
21:56 Double-Bit Axe
22:34 Husbandry
24:02 Padded Archer Armor
33:18 Leather Archer Armor
35:49 Wheelbarrow
36:37 Fletching
38:02 Hand Cart
38:51 Horse Collar
41:07 Fortified Wall
41:20 Ballistics
41:09 Light Cavalry
Pfnatsch
5:07 Loom
13:02 Feudal Age
14:43 Double-Bit Axe
14:52 Fishing Lines
16:59 Forging
21:45 Horse Collar
26:11 Castle Age
25:05 Arson
25:21 Scale Mail Armor
24:44 Man-at-Arms
27:12 Squires
28:06 Bow Saw
27:44 Long Swordsman
28:50 Chain Mail Armor
29:04 Heavy Plow
29:12 Town Watch
30:24 Gambesons
31:16 Iron Casting
34:21 Wheelbarrow
35:25 Gold Mining
36:33 Stone Mining
37:22 Gold Shaft Mining
37:27 Hand Cart
41:27 Imperial Age
39:39 Fletching
39:53 Padded Archer Armor
40:09 Masonry
42:50 Plate Mail Armor
41:58 Elite Varangian Guard
44:31 Blast Furnace
46:03 Block Printing
big ritard pleyer
9:40 Loom
12:56 Feudal Age
14:56 Wheelbarrow
20:21 Castle Age
19:02 Scale Mail Armor
21:24 Forging
21:29 Chain Mail Armor
21:22 Scale Barding Armor
22:00 Double-Bit Axe
22:00 Horse Collar
23:19 Iron Casting
22:59 Bloodlines
23:16 Husbandry
24:35 Gold Mining
27:10 Bow Saw
31:55 Chain Barding Armor
37:33 Imperial Age
38:00 Stone Mining
37:49 Cavalier
38:52 Chain Mail Armor
40:08 Blast Furnace
39:47 Plate Barding Armor
41:02 Stone Shaft Mining
41:46 Fletching
42:31 Murder Holes
42:56 Ballistics
43:28 Hand Cart
44:54 Bodkin Arrow
46:57 Bracer
Connection lost

Rejoining the realm…

Still unreachable

The connection could not be restored.

Session expired

The server has moved on; the page needs a fresh start.